 Dungeon Crawl Stone Soup version 0.31-a0-836-g3ceb0a68c4 (webtiles) character file.

Game seed: 11437715146391059914

2384 ipx the Cleaver (level 9, -1/46 HPs)
             Began as a Vine Stalker Fighter on Sept 27, 2023.
             Was a Follower of Ashenzari.
             Slain by a killer bee (2 damage)
             ... on level 9 of the Dungeon.
             The game lasted 00:28:39 (1853 turns).

ipx the Cleaver (Vine Stalker Fighter)              Turns: 1853, Time: 00:28:39

Health: -1/46      AC: 10    Str: 29    XL:     9   Next: 45%
Magic:  0/10       EV:  9    Int:  8    God:    Ashenzari [*.....]
Gold:   102        SH:  4    Dex: 14    Spells: 8/8 levels left

rFire   . . .        a - +2 war axe
rCold   . . .        c - +0 buckler "Ensconced Desperation" {Elem, Melee} (curse)
rNeg    + . .        w - +3 scale mail
rPois   .            (no helmet)
rElec   .            x - +0 cloak
rCorr   .            (no gloves)
SInv    .            (no boots)
Will    +....        (no amulet) Stlth
                     e - ring of the Unyielding Gaze {rN+, Dev, Cun} (curse)
HPRegen 1.07/turn    S - +6 ring of strength
MPRegen 0.12/turn

%: guardian spirit
@: lethally poisoned (-1 -> -1)
A: fangs 3, regeneration 1, magic shield, antimagic bite, no potion heal 2
a: Renounce Religion, Curse Item, Shatter the Chains


You were on level 9 of the Dungeon.
You worshipped Ashenzari.
Ashenzari was aware of your devotion.
You visited 1 branch of the dungeon, and saw 9 of its levels.

You collected 234 gold pieces.
You spent 132 gold pieces at shops.

Inventory:

Hand Weapons
 a - a +2 war axe (weapon)
 b - a +2 sling of draining
 i - a +0 war axe
Missiles
 o - 5 poisoned darts (quivered)
Armour
 c - the cursed +0 buckler "Ensconced Desperation" (worn) {Elem, Melee}

   It has a curse which improves the following skills: Elements: Fire Magic, Ice
   Magic, Air Magic and Earth Magic.
   Melee Combat: Short Blades, Long Blades, Axes, Maces & Flails, Polearms,
   Staves and Unarmed Combat.
 s - a +0 scale mail
 w - a +3 scale mail (worn)
 x - a +0 cloak (worn)
Jewellery
 e - the cursed ring of the Unyielding Gaze (left hand) {rN+, Dev, Cun}
   (You found it on level 1 of the Dungeon)

   [ring of positive energy]

   rN+:       It protects you from negative energy.
   It has a curse which improves the following skills: Devices: Evocations and
   Shapeshifting.
   Cunning:   Dodging and Stealth.
 r - a ring of resist corrosion
 S - a +6 ring of strength (right hand)
Wands
 p - a wand of flame (7)
 t - a wand of iceblast (7)
Scrolls
 f - 3 scrolls of fog
 g - 2 scrolls of poison
 k - a scroll of noise
 l - a scroll of teleportation
 m - a scroll of vulnerability
 u - 2 scrolls of enchant weapon
 v - a scroll of summoning
Potions
 d - a potion of might
 h - 2 potions of enlightenment
 j - a potion of lignification
 n - a potion of cancellation
 q - 2 potions of curing


   Skills:
 + Level 4.7 Fighting
 * Level 10.2(11.0) Axes
 - Level 2.4 Armour
 - Level 2.6 Shields
 - Level 3.3(4.0) Evocations


You had 8 spell levels left.
You didn't know any spells.
Your spell library contained the following spells:

 Spells                   Type           Power      Damage    Failure   Level
 Magic Dart               Conj           0%         1d3       73%         1
 Searing Ray              Conj           0%         2d4       86%         2
 Fulminant Prism          Conj/Hex       0%         3d5       100%        4


Dungeon Overview and Level Annotations

Branches:
Dungeon (9/15)
 Temple: D:4-7         Lair: D:8-11         Orc: D:9-12

Altars:
Ashenzari
Sif Muna
Vehumet
Xom
Zin

Shops:
D:4 *

Annotations:
D:6 3 runed translucent doors, WhatIsLove's ghost, novice DjFE
D:7 3 runed translucent doors, Dowan; Duvessa; NigelTetley's ghost, novice DgHu
D:8 exclusion: downstairs, Amaemon


Innate Abilities, Weirdness & Mutations

You have razor-sharp teeth.
Your natural rate of healing is unusually fast.
When hurt, damage is shared between your health and your magic reserves.
Your bite disrupts and absorbs the magic of your enemies.
Potions cannot restore your health.


Message History

You feel invigorated.
The killer bee is heavily wounded.
You miss the killer bee. The killer bee stings you. x3
You are poisoned.
The killer bee poisons you!
The killer bee stings you but does no damage.
You slash the killer bee!
The killer bee is almost dead.
You closely miss the killer bee.
You feel sick.
The killer bee stings you but does no damage. x2
The killer bee stings you. You block the killer bee's attack.
You slash the killer bee!
You kill the killer bee!
You completely miss the killer bee.
You feel sick. You block the killer bee's attack.
The killer bee closely misses you. x2
You hit the killer bee. Your bite misses the killer bee.
The killer bee is moderately wounded.
You barely miss the killer bee.
You feel sick. The killer bee stings you.
The killer bee stings you but does no damage.
The killer bee stings you.
* * * LOW HITPOINT WARNING * * *
You block the killer bee's attack.
You hit the killer bee but do no damage.
The killer bee is moderately wounded.
You miss the killer bee.
You feel sick. The killer bee stings you.
The killer bee stings you but does no damage.
The killer bee closely misses you.
You hit the killer bee. Your bite misses the killer bee.
The killer bee is severely wounded.
You closely miss the killer bee.
You feel sick. The killer bee stings you.
* * * LOW HITPOINT WARNING * * *
The killer bee stings you.
* * * LOW HITPOINT WARNING * * *
The killer bee stings you but does no damage.
The killer bee stings you!
* * * LOW HITPOINT WARNING * * *
You slice the killer bee!!
You kill the killer bee!
You miss the killer bee.
You feel sick. The killer bee stings you.
You die...

... #..# #..
#..# .
#..##..###.#
.........
#....... .##
#..#..##....
..###..#y.......
.......@y.#
.###...##o# #..#
#.#
##..###y#####
......yyo?..# .
#.#..###o#...#..
#.#. ##........
#.#. ##.o.......
.#. .#.<.......


You could see 2 killer bees and an orc.

Vanquished Creatures
  An orange demon (D:8)
  Grum (D:8)
  A water moccasin (D:7)
  2 sky beasts
  An ogre (D:6)
  3 wolves (D:8)
  A kobold brigand (D:8)
  2 scorpions
  A bullfrog (D:6)
  4 wights (D:6)
  11 killer bees
  A howler monkey (D:6)
  4 hounds
  A jelly (D:4)
  An orc priest (D:3)
  2 iguanas (D:6)
  An orc wizard (D:8)
  2 adders
  2 shadow imps
  2 ufetubi
  2 worms (D:4)
  11 orcs
  4 endoplasms
  A giant cockroach (D:4)
  7 goblins
  5 hobgoblins
  11 jackals (D:2)
  2 quokkas
  7 ball pythons
  2 bats
  A frilled lizard (D:1)
  6 kobolds
  3 rats
106 creatures vanquished.

Notes
Turn   | Place    | Note
-------+----------+-------------------------------------------
     0 | D:1      | ipx the Vine Stalker Fighter began the quest for the Orb.
     0 | D:1      | Reached XP level 1. HP: 11/11 MP: 2/2
    42 | D:1      | Reached skill level 2 in Axes
   112 | D:1      | Reached XP level 2. HP: 16/16 MP: 3/3
   242 | D:3      | Found a broken altar of Ashenzari.
   249 | D:3      | Found a radiant altar of Vehumet.
   257 | D:3      | Became a worshipper of Ashenzari the Shackled
   339 | D:2      | Reached skill level 3 in Axes
   376 | D:2      | Reached XP level 3. HP: 19/19 MP: 4/4
   495 | D:2      | Found a shimmering altar of Xom.
   547 | D:3      | Noticed a scorpion
   553 | D:3      | Killed a scorpion
   554 | D:3      | Reached skill level 4 in Axes
   554 | D:3      | Reached XP level 4. HP: 23/23 MP: 5/5
   569 | D:3      | Reached XP level 5. HP: 24/27 MP: 4/6
   610 | D:3      | Found a glowing silver altar of Zin.
   637 | D:4      | Found a transporter.
   652 | D:4      | Found a transporter.
   709 | D:4      | Reached skill level 5 in Axes
   709 | D:4      | Noticed a sky beast
   738 | D:4      | Found Cereritt's CLEARANCE SALE!.
   743 | D:4      | Bought a potion of curing for 12 gold pieces
   743 | D:4      | Bought a scroll of fog for 16 gold pieces
   743 | D:4      | Bought a potion of berserk rage for 20 gold pieces
   790 | D:4      | Reached XP level 6. HP: 24/32 MP: 5/7
   847 | D:5      | Entered Level 5 of the Dungeon
   901 | D:5      | Reached * piety under Ashenzari
   963 | D:5      | Noticed a sky beast
   977 | D:5      | Killed a sky beast
   978 | D:5      | Reached skill level 6 in Axes
   978 | D:5      | Reached skill level 1 in Evocations
  1010 | D:5      | Identified a scroll of acquirement
  1015 | D:5      | Acquired a +6 ring of strength
  1085 | D:4      | Bought a +3 scale mail for 84 gold pieces
  1128 | D:4      | Killed a sky beast
  1129 | D:4      | Reached XP level 7. HP: 34/35 MP: 6/8
  1206 | D:6      | Found a runed translucent gate.
  1207 | D:6      | Found a runed translucent gate.
  1207 | D:6      | Found a runed translucent gate.
  1208 | D:6      | Noticed WhatIsLove's ghost (novice DjFE)
  1268 | D:6      | Reached skill level 7 in Axes
  1274 | D:6      | Gained mutation: You have razor-sharp teeth. [Vine Stalker
                  | growth]
  1274 | D:6      | Reached XP level 8. HP: 31/39 MP: 6/9
  1348 | D:6      | Reached skill level 8 in Axes
  1384 | D:7      | Found a runed translucent gate.
  1384 | D:7      | Found a shimmering blue altar of Sif Muna.
  1384 | D:7      | Found a runed translucent gate.
  1384 | D:7      | Found a runed translucent gate.
  1418 | D:7      | Noticed NigelTetley's ghost (novice DgHu)
  1644 | D:7      | Noticed Duvessa
  1644 | D:7      | Noticed Dowan
  1657 | D:8      | Noticed an orange demon
  1659 | D:8      | Noticed Grum
  1672 | D:8      | Reached skill level 9 in Axes
  1683 | D:8      | Noticed Amaemon
  1689 | D:8      | Killed Grum
  1690 | D:8      | Reached XP level 9. HP: 23/45 MP: 2/10
  1694 | D:8      | Killed an orange demon
  1695 | D:8      | Reached skill level 10 in Axes
  1852 | D:9      | HP: 1/46 [killer bee (5)]
  1853 | D:9      | Slain by a killer bee

Illustrated notes

Levels and vault maps discovered:
D:1:      sevenhm_arrival_forest_fort_large_4, layout_basic
D:2:      layout_loops_corners, basic_altar
D:3:      layout_basic, mainiacjoe_overflow_six_doors_small,
          mainiacjoe_overflow_big_doors
D:4:      gammafunk_wand_slinger, layout_gridville, nrook_campfire,
          chequers_serial_rivers_micro_d, nicolae_shop_clearance
D:5:      layout_loops_ring, mainiacjoe_overflow_surrounded_room,
          minmay_temple_entry_poolview, minivault_1, minmay_pentangle
D:6:      layout_loops_ring, lemuel_coloured_pillars_altar,
          gammafunk_ghost_nasty_kobolds, grunt_ministairs_9
D:7:      layout_gridville, amcnicky_altar_gilded, mainiacjoe_overflow_chevrons,
          mainiacjoe_overflow_paths, nicolae_dithmenos_the_darkroom,
          kennysheep_little_box, biasface_ghost_orc_armoury, uniq_duvessa
D:8:      layout_loops_ring, kennysheep_mini_moat, moated_statue, uniq_grum,
          uniq_amaemon
D:9:      layout_loops_ring, serial_glass, glass_columns_c, glass_columns_a,
          kennysheep_small_square

Skill      XL: |  1  2  3  4  5  6  7  8  9 |
---------------+----------------------------+-----
Axes           | 2 3 4 5 6 7 9 10 | 10.2
Evocations     | 2 3 |  3.3
Fighting       | 3 4 |  4.7
Armour         | |  2.4
Shields        | |  2.6

Action                     |  1- 3 |  4- 6 |  7- 9 || total
---------------------------+-------+-------+-------++-------
  Melee: War axe           |    79 |    91 |   142 ||   312
         Bite              |    14 |    27 |    36 ||    77
  Throw: Dart              |       |       |     2 ||     2
 Invoke: Curse Item        |     1 |     1 |       ||     2
  Evoke: Wand              |       |     1 |     2 ||     3
    Use: Scroll            |     1 |     2 |     2 ||     5
         Potion            |     1 |       |     1 ||     2
 Armour: Scale mail        |    64 |    78 |   155 ||   297
  Dodge: Dodged            |    44 |    33 |    92 ||   169
  Block: Buckler           |    17 |    12 |    42 ||    71

Table legend: (Time is in decaauts)
 A = Elapsed time spent in this place.
 B = Non-inter-level travel time spent in this place.
 C = Inter-level travel time spent in this place.
 D = Time resting spent in this place.
 E = Time spent auto-exploring this place.
 F = Levels seen in this place.
 G = Mean time per level.
                   A        B        C        D        E       F      G
               +--------+--------+--------+--------+--------+-----+--------+
         Total |   1923 |   1884 |     39 |      0 |      0 |   9 |  213.7 |
       Dungeon |   1923 |   1884 |     39 |      0 |      0 |   9 |  213.7 |
               +--------+--------+--------+--------+--------+-----+--------+

Top non-repeatable levels by time:
     D:8: 391 daAuts
     D:4: 290 daAuts
     D:2: 284 daAuts
     D:6: 265 daAuts
     D:1: 241 daAuts
     D:5: 202 daAuts
     D:3: 156 daAuts
     D:7: 61 daAuts
     D:9: 30 daAuts
